Construct Infanterie Kompanie
Construct Panzergrenadier Kompanie
Nebelwerfer 42 Rocket Launcher Team
Nebelwerfer 42 Rocket Launcher Team
Selects Luftwaffe Battlegroup
Selects Reconnaissance Run
Selects Fallschirmjäger Squad Paradrop
Construct Luftwaffe Kompanie
Selects Luftwaffe Pioneer Support
Selects Flak 38 Anti-Air Emplacement
Fallschirmpioneer Squad Paradrop
Construct Panzer Kompanie
Pak 40 Anti-tank Gun Team
Pak 40 Anti-tank Gun Team
Selects Flak 36 Anti-tank Gun Emplacement